 Dungeon Crawl Stone Soup version 0.30.1-4-g462c640d31 (webtiles) character file.

Game seed: 3625398926935255551

1706 Graphine the Grave Robber (level 9, -3/57 HPs)
             Began as a Human Necromancer on Sept 8, 2023.
             Slain by an orc warlord
             ... wielding a +2 broad axe
              (25 damage)
             ... in a bailey.
             The game lasted 00:24:26 (5350 turns).

Graphine the Grave Robber (Human Necromancer)       Turns: 5350, Time: 00:24:26

Health: -3/57      AC: 22    Str: 19    XL:     9   Next: 23%
Magic:  13/15      EV: 10    Int: 16    God:
Gold:   354        SH:  5    Dex: 17    Spells: 5/17 levels left

rFire   . . .        i - +3 dagger (venom)
rCold   + . .        (no shield)
rNeg    . . .        l - +8 chain mail of Esupniw {Dex+3}
rPois   .            j - +1 helmet of the Elven Halls {rC+}
rElec   +            t - +2 cloak of the Thief {*Fog Slay-2 SInv Stlth+}
rCorr   .            (no gloves)
SInv    +            (no boots)
Will    +....        r - amulet of reflection
Stlth   +            F - ring of protection from cold
HPRegen 0.29/turn    s - ring "Kikh" {*Corrode rElec rC- Will+ Str+7}
MPRegen 0.14/turn

%: corrode self (3%), reflection
@: invisible
A: no striking features
a: no special abilities


You were in a bailey.
You visited 2 branches of the dungeon, and saw 8 of its levels.
You also visited: Bailey.

You collected 354 gold pieces.

Inventory:

Hand Weapons
 d - a +0 club
 i - a +3 dagger of venom (weapon)
 w - a +0 flail
 y - a +4 short sword
 C - a +0 vampiric dagger
Armour
 a - a +1 robe
 j - the +1 helmet of the Elven Halls (worn) {rC+}
   (You acquired it on level 2 of the Dungeon)

   rC:        It protects you from cold.
 l - the +8 chain mail of Esupniw (worn) {Dex+3}
   (You found it on level 3 of the Dungeon)

   Dex:       It affects your dexterity (+3).
 n - a +0 kite shield
 t - the +2 cloak of the Thief (worn) {*Fog Slay-2 SInv Stlth+}
   (You acquired it on level 2 of the Dungeon)

   *Fog:      It may release a thick cloud of smoke when the wearer is hurt.
   Slay:      It affects your accuracy & damage with ranged weapons and melee
   (-2).
   SInv:      It lets you see invisible.
   Stlth:     It makes you more stealthy.
Jewellery
 e - an amulet of faith
 o - a +6 ring of dexterity
 r - an amulet of reflection (around neck)
 s - the ring "Kikh" (right hand) {*Corrode rElec rC- Will+ Str+7}
   (You acquired it on level 2 of the Dungeon)

   [ring of willpower]

   Str:       It affects your strength (+7).
   rC:        It makes you vulnerable to cold.
   rElec:     It insulates you from electricity.
   *Corrode:  It may corrode you when you take damage.
   Will:      It increases your willpower.
 F - a ring of protection from cold (left hand)
Wands
 p - a wand of polymorph (8)
 u - a wand of digging (3)
 A - a wand of quicksilver (17)
 D - a wand of charming (10)
Scrolls
 q - 4 scrolls of amnesia
 x - a scroll of teleportation
 z - a scroll of torment
 B - a scroll of blinking
 H - a scroll of fog
 I - 3 scrolls of vulnerability
Potions
 b - a potion of magic
 c - 2 potions of resistance
 f - 3 potions of curing
 g - a potion of heal wounds
 k - a potion of brilliance
 m - 2 potions of flight
 v - a potion of berserk rage
 E - 2 potions of might
 G - 2 potions of haste


   Skills:
 + Level 4.4 Maces & Flails
 + Level 3.6 Armour
 + Level 4.9 Dodging
 - Level 2.0 Stealth
 + Level 4.6 Spellcasting
 * Level 7.8 Necromancy


You had 5 spell levels left.
You knew the following spells:

 Your Spells              Type           Power      Damage    Failure   Level
a - Necrotise             Necr           100%       1d9       5%          1
b - Vampiric Draining     Necr           28%        2d8       16%         3
c - Animate Dead          Necr           28%        N/A       45%         4
d - Anguish               Hex/Necr       8%         N/A       95%         4

Your spell library contained the following spells:

 Spells                   Type           Power      Damage    Failure   Level
 Foxfire                  Conj/Fire      12%        2x1d4     80%         1
 Magic Dart               Conj           12%        1d3       80%         1
 Shock                    Conj/Air       12%        1d3       80%         1
 Agony                    Necr           28%        N/A       82%         5
 Call Imp                 Summ           6%         N/A       90%         2
 Poisonous Vapours        Pois/Air       6%         N/A       90%         2
 Mephitic Cloud           Conj/Pois/Air  3%         N/A       99%         3
 Swiftness                Air            3%         N/A       99%         3
 Airstrike                Air            1%         2d(1-17)  100%        4
 Cause Fear               Hex            1%         N/A       100%        4
 Fireball                 Conj/Fire      1%         3d3       100%        5
 Freezing Cloud           Conj/Ice/Air   1%         6-21      100%        5
 Plasma Beam              Fire/Air       1%         2x1d12    100%        6
 Starburst                Conj/Fire      1%         6d3       100%        6
 Enfeeble                 Hex            1%         N/A       100%        7


Dungeon Overview and Level Annotations

Branches:
Dungeon (7/15)             Temple (1/1) D:7          Bailey (1/1)

Altars:
Ashenzari
Dithmenos
Elyvilon
Fedhas
Gozag
Hepliaklqana
Makhleb
Nemelex Xobeh
Okawaru
Ru
Sif Muna
Trog
Uskayaw
Wu Jian
Xom
Zin
The Shining One

Shops:
D:5 (


Message History

The dead are walking!
You swap places.
Found a gate leading back out of this place.
There is an open translucent gate here.
You enter the shallow water.
Moving in this stuff is going to be slow.
The orc warlord shouts!
You fade into invisibility!
The orc warlord completely misses you.
You barely miss the orc warlord. The orc warlord closely misses you.
The orc warlord hits your orc warrior skeleton with a +2 broad axe!
The orc warlord hits your gnoll skeleton with a +2 broad axe!
Your gnoll skeleton is destroyed!
You hit the orc warlord.
The orc warlord is poisoned.
The orc warlord is lightly wounded.
The orc warlord closely misses you.
The orc warlord hits your orc warrior skeleton with a +2 broad axe!!
Your orc warrior skeleton is destroyed!
You closely miss the orc warlord.
The orc warlord is lightly wounded.
The orc warlord barely misses you.
You hit the orc warlord but do no damage.
The orc warlord is lightly wounded.
The orc warlord hits you with a +2 broad axe!
You hit the orc warlord but do no damage.
The orc warlord is lightly wounded.
You block the orc warlord's attack.
You hit the orc warlord.
The orc warlord looks as sick as possible!
The orc warlord is lightly wounded.
The orc warlord hits you with a +2 broad axe!
Okay, then.
You enter the shallow water.
Moving in this stuff is going to be slow. ...and don't expect to remain undetected.
There is an open translucent gate here.
You hit the orc warlord but do no damage.
The orc warlord is lightly wounded.
The orc warlord hits you with a +2 broad axe!!
You die...

#........ ...8
#...8.... #### # #...
#......####~~~#~~~ #..
#.....#~~#~.....:~#..
#....#~........!~#..
#...##~8.8...8.8##..
#..)'~~.........#...
#...'~~....∩....#...
#..@o~~........o#...
#...##~8.8...8.8##..
##.)..#~........?~#..
##.....#~~#~..... #..
##.....(####~~~#~~ ##..
#...8....).#########.))
#$........()...(.'(...8
#!.........#)~~~~#.....
##!.8..8...#~~~~~#.....


You could see an orc warlord (unable to see you, very poisoned).

Vanquished Creatures
  Sigmund (D:2)
  A water moccasin (D:4)
  4 orc warriors
  An ice beast (D:7)
  An ogre (D:5)
  4 phantoms
  2 scorpions (D:6)
  A howler monkey (D:6)
  A hound (D:5)
  2 orc priests
  Terence (D:2)
  Ijyb (D:3)
  An iguana (D:4)
  An orc wizard (D:5)
  2 gnolls (Bailey)
  11 adders
  An ufetubus (D:6)
  3 worms
  A dart slug (D:1)
  4 orcs
  8 ball pythons
  5 endoplasms
  2 giant cockroaches
  21 goblins
  10 hobgoblins
  3 jackals (D:2)
  11 kobolds
  6 quokkas
  8 bats
  6 frilled lizards
  3 rats (D:1)
127 creatures vanquished.

Vanquished Creatures (collateral kills)
  An ufetubus (D:5)
  3 orcs (D:6)
  A giant cockroach (D:1)
  2 goblins
  3 kobolds
  A rat (D:1)
11 creatures vanquished.

Grand Total: 138 creatures vanquished

Notes
Turn   | Place    | Note
-------+----------+-------------------------------------------
     0 | D:1      | Graphine the Human Necromancer began the quest for the Orb.
     0 | D:1      | Reached XP level 1. HP: 13/13 MP: 3/3
   110 | D:1      | Reached XP level 2. HP: 19/19 MP: 5/5
   377 | D:1      | Reached XP level 3. HP: 24/24 MP: 1/6
   646 | D:1      | Reached skill level 1 in Maces & Flails
   928 | D:2      | Noticed Terence
   954 | D:2      | Learned a level 3 spell: Vampiric Draining
  1102 | D:2      | You fall into a shaft and drop 2 floors!
  1138 | D:4      | Noticed a phantom
  1170 | D:4      | Killed a phantom
  1171 | D:4      | Reached XP level 4. HP: 9/30 MP: 7/7
  1171 | D:4      | Reached XP level 5. HP: 10/35 MP: 8/8
  1279 | D:4      | Noticed a phantom
  1314 | D:4      | Killed a phantom
  1315 | D:4      | Reached skill level 5 in Necromancy
  1368 | D:4      | Reached XP level 6. HP: 19/41 MP: 10/10
  1519 | D:3      | Learned a level 4 spell: Animate Dead
  1580 | D:3      | Noticed Ijyb
  1596 | D:3      | Killed Ijyb
  1927 | D:3      | Identified the +8 chain mail of Esupniw {Dex+3}
  2028 | D:2      | Noticed Sigmund
  2037 | D:2      | Killed Sigmund
  2038 | D:2      | Reached skill level 1 in Armour
  2038 | D:2      | Reached XP level 7. HP: 46/46 MP: 11/11
  2125 | D:2      | Killed Terence
  2261 | D:2      | Identified 3 scrolls of acquirement
  2261 | D:2      | Acquired the +1 helmet of the Elven Halls {rC+}
  2268 | D:2      | Acquired the ring "Kikh" {*Corrode rElec rC- Will+ Str+7}
  2270 | D:2      | Acquired the +2 cloak of the Thief {*Fog Slay-2 SInv
                  | Stlth+}
  2270 | D:2      | Found the +2 cloak of the Thief {*Fog Slay-2 SInv Stlth+}
  2734 | D:4      | Reached skill level 6 in Necromancy
  2771 | D:4      | Learned a level 4 spell: Anguish
  3137 | D:4      | Noticed a water moccasin
  3152 | D:4      | Killed a water moccasin
  3619 | D:5      | Entered Level 5 of the Dungeon
  3754 | D:5      | Reached XP level 8. HP: 33/52 MP: 13/13
  3968 | D:5      | Found Adioptaf's Weapon Boutique.
  4747 | D:6      | Reached skill level 7 in Necromancy
  5170 | D:7      | Found a staircase to the Ecumenical Temple.
  5178 | Temple   | Entered the Ecumenical Temple
  5212 | D:7      | Reached XP level 9. HP: 47/57 MP: 15/15
  5216 | D:7      | Found a flagged portal.
  5229 | Bailey   | Entered a bailey
  5252 | Bailey   | Noticed an orc warlord
  5317 | Bailey   | Found a runed translucent gate.
  5317 | Bailey   | Found a runed translucent gate.
  5317 | Bailey   | Found a runed translucent gate.
  5350 | Bailey   | Slain by an orc warlord

Illustrated notes

Levels and vault maps discovered:
D:1:      mainiacjoe_arrival_reflecting_pool, layout_loops_ring,
          minmay_hexomino_u4
D:2:      minmay_recursive_quarters, layout_rooms, uniq_terence, uniq_sigmund
D:3:      layout_rooms, minivault_25, uniq_ijyb
D:4:      kennysheep_the_goblin_king, layout_gridville
D:5:      layout_basic, serial_shops, nicolae_shop_bloodbath_and_beyond
D:6:      layout_loops_ring
D:7:      layout_rooms, kennysheep_vampire_church, minmay_temple_entry_glass,
          enter_bailey_5, serial_co_window_serial, co_window_paths_a,
          co_window_paths_a, co_window_corner_a, co_window_paths_a,
          co_window_of_opportunity_a, co_window_paths_b, co_window_corner_a,
          co_window_of_opportunity_a, co_window_paths_b, co_window_2corner,
          co_window_paths_c, co_window_unsneaky_path_d, co_window_broadway_b,
          co_window_broadway_c, co_window_corner_cb, glass_columns_b
Temple:   sentei_temple_godly_chess
Bailey:   bailey_axe_bossmonster_kennysheep, bailey

Skill      XL: |  1  2  3  4  5  6  7  8 |
---------------+-------------------------+-----
Maces & Flails | 1 2 3 4 |  4.4
Dodging        | 3 4 |  4.9
Necromancy     | 5 6 7 |  7.8
Spellcasting   | 3 4 |  4.6
Armour         | 1 2 3 |  3.6
Stealth        | |  2.0

Action                     |  1- 3 |  4- 6 |  7- 9 || total
---------------------------+-------+-------+-------++-------
  Melee: Club              |    46 |       |       ||    46
         Dagger            |    26 |    79 |   257 ||   362
         Punch             |     1 |       |     8 ||     9
   Cast: Necrotise         |    37 |    12 |    44 ||    93
  Evoke: Wand              |       |       |    16 ||    16
    Use: Scroll            |     7 |       |    15 ||    22
         Potion            |     1 |     2 |     1 ||     4
   Stab: Sleeping          |     3 |     2 |       ||     5
         Distracted        |     1 |       |     1 ||     2
 Armour: Robe              |    16 |     5 |       ||    21
         Chain mail        |       |     7 |   129 ||   136
         Skin              |       |     5 |       ||     5
         Leather armour    |       |     3 |       ||     3
  Dodge: Dodged            |    58 |    42 |   108 ||   208
  Block: Other             |       |     1 |    52 ||    53
